[Event "Titled Tuesday Blitz May 4 2021"]
[White "Trost, Edvin"]
[Black "Deepan Chakkravarthy J."]
[WhiteFideId "1729519"]
[BlackFideId "5011132"]
[WhiteElo "2028"]
[BlackElo "2490"]
[Result "1-0"]
[Round "02"]
[TimeControl "180+1"]
[Date "2021.05.04"]
[WhiteClock "0:01:19"]
[BlackClock "0:00:56"]

1. e4 e5 2. Nc3 d6 3. Bc4 Be6 4. d3 Nf6 5. Qf3 Be7 6. Nge2 Nc6 7. h3 Qd7 8. Be3 O-O-O 9. O-O-O a6 10. Nd5 Bxd5 11. Bxd5 Rhf8 12. Bb3 Na5 13. d4 Nxb3+ 14. axb3 Qc6 15. Nc3 Kb8 16. Kb1 h6 17. Rhe1 exd4 18. Bxd4 Rde8 19. Nd5 Qd7 20. Nxf6 Bxf6 21. Bxf6 gxf6 22. Qxf6 Re6 23. Qf4 Rg8 24. g4 a5 25. Qf5 Rg5 26. Qf4 a4 27. bxa4 Qxa4 28. Rd3 f6 29. Ree3 Qc4 30. f3 b6 31. Rc3 Qf1+ 32. Ka2 Qc1 33. Qh2 Kb7 34. Ra3 Rb5 35. Reb3 Rxb3 36. Rxb3 Re5 37. Qe2 Rc5 38. c3 Kc6 39. Ra3 Rb5 40. Qc4+ Rc5 41. Qa4+ b5 42. Qa8+ Kd7 43. Qg8 b4 44. Qf7+ Kc6 45. cxb4 Rb5 46. Qe8+ Kb6 47. Qb8+ Kc6 48. Ra6+ 1-0


[Site "https://www.chess.com"]

[Event "Titled Tuesday Blitz May 4 2021"]
[White "Valle Maytin, Luis Enrique"]
[Black "WelshTiger"]
[WhiteFideId "3503666"]
[WhiteElo "2299"]
[BlackElo "2478"]
[Result "1-0"]
[Round "02"]
[TimeControl "180+1"]
[Date "2021.05.04"]
[WhiteClock "0:00:13"]
[BlackClock "0:00:05"]

1. e4 c5 2. Nf3 Nc6 3. d4 cxd4 4. Nxd4 Nf6 5. Nc3 d6 6. Bg5 Bd7 7. Qd2 Rc8 8. Be2 Nxd4 9. Qxd4 Qa5 10. Bxf6 gxf6 11. Rd1 Bg7 12. O-O O-O 13. f4 f5 14. e5 Bc6 15. b4 dxe5 16. fxe5 Qxe5 17. Qxe5 Bxe5 18. Nd5 Bxd5 19. Rxd5 Bf6 20. c4 e6 21. Rd7 a5 22. Rxb7 axb4 23. Rxb4 Rfd8 24. Rc1 Rd2 25. Bf3 Rxa2 26. c5 Bg5 27. Rcc4 Rxc5 28. Rxc5 Be3+ 29. Kf1 Bxc5 30. Rb8+ Kg7 31. Rb7 Kg6 32. h4 h5 33. Rb8 Rf2+ 34. Ke1 Ra2 35. Kf1 Bf2 36. Rg8+ Kf6 37. Bxh5 Bxh4 38. Rf8 Ke5 39. Rxf7 Kf4 40. Bf3 e5 41. Bd5 e4 42. Bxa2 Ke3 43. Rxf5 1-0


[Site "https://www.chess.com"]

[Event "Titled Tuesday Blitz May 4 2021"]
[White "Vasquez Schroeder, Rodrigo"]
[Black "Tokhirjonova, Gulrukhbegim"]
[WhiteFideId "3400042"]
[BlackFideId "14203626"]
[WhiteElo "2572"]
[BlackElo "2236"]
[Result "1-0"]
[Round "02"]
[TimeControl "180+1"]
[Date "2021.05.04"]
[WhiteClock "0:01:35"]
[BlackClock "0:00:38"]

1. e4 e5 2. Nf3 Nc6 3. Bb5 a6 4. Ba4 Nf6 5. O-O Be7 6. Re1 b5 7. Bb3 O-O 8. h3 d6 9. c3 Nb8 10. d4 Nbd7 11. Nbd2 Bb7 12. Bc2 Re8 13. a4 c6 14. Bd3 Qb6 15. b3 Rad8 16. Qc2 Bf8 17. Bb2 g6 18. b4 Bg7 19. dxe5 Nxe5 20. Nxe5 dxe5 21. c4 Nh5 22. axb5 axb5 23. c5 Qc7 24. Nb3 Nf4 25. Bf1 Bc8 26. Kh2 Qe7 27. g3 Ne6 28. h4 g5 29. Na5 Bd7 30. h5 g4 31. Be2 Qg5 32. Kg2 Qxh5 33. Rh1 Qg6 34. Nb7 Ra8 35. Nd6 Rf8 36. Nf5 Nd4 37. Bxd4 exd4 38. Ne7+ 1-0


[Site "https://www.chess.com"]

[Event "Titled Tuesday Blitz May 4 2021"]
[White "Veiga, Emerson de Sousa"]
[Black "Wilson, Elvin"]
[WhiteFideId "2151898"]
[BlackFideId "2014874"]
[WhiteElo "2034"]
[BlackElo "2223"]
[Result "1-0"]
[Round "02"]
[TimeControl "180+1"]
[Date "2021.05.04"]
[WhiteClock "0:00:15"]
[BlackClock "0:00:01"]

1. e4 e6 2. d4 d5 3. Nc3 Bb4 4. Ne2 dxe4 5. a3 Bxc3+ 6. Nxc3 Nc6 7. Bb5 Ne7 8. Nxe4 O-O 9. Be3 e5 10. dxe5 Nxe5 11. Qe2 c6 12. Ba4 Qa5+ 13. Nc3 Nd5 14. Bb3 Nxc3 15. Qd2 Rd8 16. Qxc3 Qxc3+ 17. bxc3 b6 18. O-O c5 19. Bg5 Re8 20. Rfe1 Bb7 21. Bf4 Ng6 22. Bg3 b5 23. c4 a6 24. h4 h5 25. f3 Rad8 26. Rxe8+ Rxe8 27. cxb5 axb5 28. c4 Re3 29. Rb1 bxc4 30. Bxc4 Bxf3 31. gxf3 Rxf3 32. Rb3 Rf5 33. Kg2 Kh7 34. Rf3 Rxf3 35. Kxf3 f5 36. a4 Ne7 37. a5 Nc6 38. a6 Kg6 39. Bd5 Na7 40. Bb8 Nb5 41. a7 1-0


[Site "https://www.chess.com"]

[Event "Titled Tuesday Blitz May 4 2021"]
[White "Velickovic, Zoran"]
[Black "Wu, Christopher"]
[WhiteFideId "14601184"]
[BlackFideId "2040875"]
[WhiteElo "2318"]
[BlackElo "2605"]
[Result "0-1"]
[Round "02"]
[TimeControl "180+1"]
[Date "2021.05.04"]
[WhiteClock "0:00:01"]
[BlackClock "0:00:34"]

1. Nf3 c5 2. g3 g6 3. Bg2 Bg7 4. c4 Nc6 5. O-O Nf6 6. Nc3 O-O 7. d4 cxd4 8. Nxd4 a6 9. c5 Qc7 10. Nb3 b6 11. cxb6 Qxb6 12. Be3 Qb4 13. a3 Qb7 14. Rc1 Rb8 15. Na5 Qxb2 16. Nxc6 dxc6 17. Rb1 Qxa3 18. Rxb8 Qxc3 19. Qc1 Nd5 20. Bd2 Qxc1 21. Rxc1 Be5 22. Ra8 Nc7 23. Ra7 Nb5 24. Rxe7 Bf6 25. Re3 Rd8 26. Ba5 Rd6 27. Bxc6 Nd4 28. Bg2 Bg4 29. h3 Nxe2+ 30. Rxe2 Bxe2 31. Bb4 Rd4 32. Rc8+ Rd8 33. Rc2 Bb5 34. h4 h5 35. Bf3 Kg7 36. Kg2 Rd3 37. Be2 Rb3 0-1


[Site "https://www.chess.com"]

[Event "Titled Tuesday Blitz May 4 2021"]
[White "Vignesh, N R"]
[Black "Sieciechowicz, Marcin"]
[WhiteFideId "25012215"]
[BlackFideId "1130170"]
[WhiteElo "2401"]
[BlackElo "2288"]
[Result "1-0"]
[Round "02"]
[TimeControl "180+1"]
[Date "2021.05.04"]
[WhiteClock "0:01:01"]
[BlackClock "0:00:04"]

1. c4 Nf6 2. Nc3 d5 3. cxd5 Nxd5 4. Nf3 g6 5. g3 Bg7 6. Bg2 O-O 7. O-O Nb6 8. d4 Nc6 9. e3 Re8 10. Nh4 e5 11. d5 Nb4 12. a3 Na6 13. e4 c6 14. dxc6 bxc6 15. Qc2 Be6 16. Rd1 Qc7 17. Rb1 Rad8 18. Rxd8 Rxd8 19. b3 Qd6 20. Bf1 Nc5 21. Bg5 Rd7 22. b4 Nb7 23. Rd1 Qc7 24. Rc1 Qd6 25. Na4 Nxa4 26. Qxa4 c5 27. Bb5 Rc7 28. Rd1 Qb6 29. Ba6 cxb4 30. Bxb7 Rxb7 31. Qe8+ Bf8 32. Rd8 Qc5 33. Bh6 1-0


[Site "https://www.chess.com"]

[Event "Titled Tuesday Blitz May 4 2021"]
[White "Villegas, Pierre"]
[Black "Kanyamarala, Tarun"]
[WhiteFideId "654183"]
[BlackFideId "45004714"]
[WhiteElo "2411"]
[BlackElo "2086"]
[Result "1-0"]
[Round "02"]
[TimeControl "180+1"]
[Date "2021.05.04"]
[WhiteClock "0:00:17"]
[BlackClock "0:00:12"]

1. d4 Nf6 2. c4 c6 3. Nf3 d5 4. Qc2 g6 5. Bf4 Bg7 6. e3 O-O 7. Nc3 Nh5 8. Be5 f6 9. Bxb8 Rxb8 10. cxd5 cxd5 11. Nxd5 Be6 12. Nc3 b5 13. d5 Bf5 14. e4 Bg4 15. Nd4 b4 16. Na4 Qd6 17. Nc6 Rbc8 18. Qc5 Bd7 19. Nxe7+ Qxe7 20. Qxe7 Bxa4 21. Qxa7 Bc2 22. f3 f5 23. Ba6 Ra8 24. Qb6 Bxb2 25. O-O Bxa1 26. Rxa1 fxe4 27. Qe6+ Kg7 28. fxe4 Rf6 29. Qe7+ Rf7 30. Qe5+ Nf6 31. Bf1 Bxe4 32. d6 Re8 33. Qb2 Kg8 34. Rd1 Nd7 35. Bc4 Kf8 36. Bxf7 Kxf7 37. Qxb4 Bf5 38. g4 Be6 39. Rf1+ Kg8 40. a4 Rb8 41. Qd4 Rb2 42. Qxb2 1-0


[Site "https://www.chess.com"]

[Event "Titled Tuesday Blitz May 4 2021"]
[White "Visakh N R"]
[Black "Dong, Bao Nghia"]
[WhiteFideId "25012223"]
[BlackFideId "12400343"]
[WhiteElo "2428"]
[BlackElo "2409"]
[Result "1-0"]
[Round "02"]
[TimeControl "180+1"]
[Date "2021.05.04"]
[WhiteClock "0:00:05"]
[BlackClock "0:00:02"]

1. Nf3 d5 2. e3 e6 3. c4 Nf6 4. b3 a5 5. a3 Be7 6. Bb2 O-O 7. Be2 Nbd7 8. O-O a4 9. b4 dxc4 10. Bxc4 c5 11. bxc5 Nxc5 12. Qe2 Bd7 13. Nc3 Qa5 14. Ne5 Be8 15. d4 Nb3 16. Rad1 Rb8 17. d5 b5 18. Bxb3 axb3 19. d6 Bxd6 20. Rxd6 b4 21. Nc4 Qc5 22. axb4 Rxb4 23. Rd4 e5 24. Nxe5 Rxd4 25. exd4 Qxd4 26. Rd1 Qb4 27. h3 Ba4 28. Qc4 Qxc4 29. Nxc4 Bc6 30. Ne5 Bb7 31. Nd7 Nxd7 32. Rxd7 Ba8 33. Rd6 Rb8 34. Nd5 Kf8 35. Rb6 Rd8 36. Ba3+ Ke8 37. Nc7+ Kd7 38. Nxa8 Rxa8 39. Rxb3 Kc6 40. Bb2 f6 41. h4 h5 42. g3 Ra7 43. Kg2 Kd5 44. Rf3 Ke6 45. Re3+ Kf7 46. Bd4 Ra4 47. Rd3 Rc4 48. Be3 Rc7 49. Kf3 Rb7 50. Ke4 Kg6 51. Rd5 Re7+ 52. Kf3 Rb7 53. Bc5 Rb3+ 54. Kg2 Rc3 55. Be3 Rc7 56. Rd4 Rb7 57. f3 Rb2+ 58. Bf2 Rb3 59. g4 hxg4 60. fxg4 Rc3 61. Bg3 Rc2+ 62. Kh3 Rc3 63. Kg2 Rb3 64. Bf4 Ra3 65. h5+ Kh7 66. Rd7 Kg8 67. Rd8+ Kh7 68. Rd7 Kg8 69. h6 gxh6 70. Bxh6 Ra5 71. Kg3 Ra4 72. Bf4 Ra5 73. Kh4 Kf8 74. Rb7 Ke8 75. Bd6 Rd5 76. Be7 Kf7 77. Bd8+ Kg6 78. Rb8 Rd1 79. Bc7 Rh1+ 80. Kg3 Rg1+ 81. Kf3 Rf1+ 82. Kg2 Rc1 83. Bf4 Rc3 84. Rb6 Kf7 85. Bg3 Rc4 86. Kh3 Ra4 87. Bh4 Rf4 88. Kg3 Rf1 89. Ra6 Kg7 90. Ra4 Kg6 91. Rf4 Rg1+ 92. Kh2 Rb1 93. Rxf6+ Kg7 94. Rf4 Rb3 95. Bg3 Kg6 96. Kh3 Rb1 97. Rd4 Rh1+ 98. Kg2 Ra1 99. Rd6+ Kg5 100. Rd5+ Kxg4 101. Rd4+ Kf5 102. Bf2 Ra3 103. Rc4 Rb3 104. Kf1 Ra3 105. Ke2 Rb3 106. Be3 Rb1 107. Kf3 Rf1+ 108. Bf2 Rd1 109. Rc5+ Ke6 110. Ke4 Rb1 111. Rc6+ Kd7 112. Rh6 Rb5 113. Bd4 Rg5 114. Be5 Rg1 115. Kd5 Rd1+ 116. Bd4 Ke8 117. Ke6 Kd8 118. Be5 Kc8 119. Rh2 Kb7 120. Rb2+ Ka6 121. Bd6 Re1+ 122. Kd7 Rc1 123. Bc7 Rc4 124. Bd6 Rc1 125. Rb3 Rc4 126. Ke6 Rc6 127. Kd5 Rc1 128. Bc5 Ka5 129. Kc6 Rc4 130. Ra3+ Ra4 131. Rh3 Ra1 132. Rh8 Ka4 133. Ra8+ Kb3 134. Rxa1 1-0


[Site "https://www.chess.com"]

[Event "Titled Tuesday Blitz May 4 2021"]
[White "Vlassov, Nikolai"]
[Black "Porter, Ryan W"]
[WhiteFideId "4103360"]
[BlackFideId "2011239"]
[WhiteElo "2407"]
[BlackElo "2390"]
[Result "1-0"]
[Round "02"]
[TimeControl "180+1"]
[Date "2021.05.04"]
[WhiteClock "0:00:23"]
[BlackClock "0:00:01"]

1. e4 d6 2. f4 Nf6 3. Nc3 g6 4. Nf3 Bg7 5. e5 dxe5 6. fxe5 Nd5 7. Bc4 c6 8. O-O O-O 9. d4 Bg4 10. h3 Be6 11. Ng5 Nxc3 12. Nxe6 Nxd1 13. Nxd8 Rxd8 14. Bxf7+ Kh8 15. Rxd1 Bxe5 16. Be3 Bf6 17. c3 Kg7 18. Bb3 Na6 19. Rf1 Nc7 20. Rae1 Nd5 21. Bf2 Re8 22. Bg3 g5 23. Re6 Nf4 24. Bxf4 gxf4 25. Rxf4 Rf8 26. Rg4+ Kh8 27. Kh2 Rad8 28. Rf4 Bg5 29. Rg4 Bf4+ 30. Kg1 Bd6 31. Rh6 Rf6 32. Rxf6 exf6 33. Kf2 Re8 34. Rh4 Re7 35. Rh5 Kg7 36. Bc2 h6 37. Rh4 c5 38. Rg4+ Kf7 39. d5 Re5 40. Bg6+ Ke7 41. c4 Rg5 42. Re4+ Be5 43. Bh7 Kd6 44. b3 Bd4+ 45. Kf3 Be5 46. g4 Rg7 47. Bf5 b6 48. Re2 a5 49. Be6 Re7 50. Ke4 Rg7 51. h4 1-0


[Site "https://www.chess.com"]

[Event "Titled Tuesday Blitz May 4 2021"]
[White "Voege, Tobias"]
[Black "Bach, Matthias"]
[WhiteFideId "1270513"]
[BlackFideId "4603168"]
[WhiteElo "2283"]
[BlackElo "2213"]
[Result "1/2-1/2"]
[Round "02"]
[TimeControl "180+1"]
[Date "2021.05.04"]
[WhiteClock "0:00:17"]
[BlackClock "0:00:18"]

1. d4 Nf6 2. c4 c5 3. d5 e6 4. Nc3 exd5 5. cxd5 d6 6. e4 g6 7. f4 Bg7 8. Bb5+ Bd7 9. e5 Nh5 10. Nf3 O-O 11. O-O Bg4 12. h3 Bxf3 13. Qxf3 dxe5 14. f5 Nd7 15. g4 e4 16. Nxe4 Bd4+ 17. Kh1 Ne5 18. Qg2 Ng7 19. f6 Ne8 20. Bh6 Qxd5 21. Bxf8 Kxf8 22. Ng5 Qxg2+ 23. Kxg2 Nd6 24. Ba4 h6 25. Nf3 Nxf3 26. Rxf3 Bxb2 27. Re1 b5 28. Bc2 Bd4 29. Re7 a5 30. Rd7 Nc4 31. Bb3 Ne5 32. Rb7 c4 33. Bd1 Nxf3 34. Bxf3 Rd8 35. Rxb5 c3 36. Rb7 c2 37. Rc7 Be3 38. Rxc2 Rd2+ 39. Rxd2 Bxd2 40. Bd5 Bc3 41. Kf3 Bxf6 42. Ke4 Be7 43. Bb3 Kg7 44. Ke5 Bb4 45. Ke4 Be1 46. Kf3 f5 47. gxf5 gxf5 48. Bc2 Kf6 49. Bb3 Bd2 50. Bg8 Bg5 51. Bc4 Ke5 52. Bb3 Kd4 53. Bg8 Kc3 54. Be6 f4 55. Bg8 a4 56. Bf7 Kb4 57. Kg4 Ka3 58. h4 Bf6 59. h5 Bg5 60. Kf3 Kb4 61. Bg8 a3 62. Bf7 Kc3 63. Bg8 Kb2 64. Bf7 Kc3 65. Bg8 Kb2 66. Bf7 Kc3 1/2-1/2


[Site "https://www.chess.com"]

[Event "Titled Tuesday Blitz May 4 2021"]
[White "Vovk, Orest"]
[Black "Acor, Corey"]
[WhiteFideId "14113490"]
[BlackFideId "2024861"]
[WhiteElo "2203"]
[BlackElo "2742"]
[Result "1-0"]
[Round "02"]
[TimeControl "180+1"]
[Date "2021.05.04"]
[WhiteClock "0:00:09"]
[BlackClock "0:00:02"]

1. h3 e5 2. Nc3 Nc6 3. Nf3 Nf6 4. d4 exd4 5. Nxd4 Bb4 6. Nxc6 Bxc3+ 7. bxc3 bxc6 8. Bg5 h6 9. Bxf6 Qxf6 10. Qd4 Qg6 11. e3 O-O 12. Bd3 Qxg2 13. O-O-O Qd5 14. Qf4 Qg5 15. Qxg5 hxg5 16. Rdg1 g6 17. Rxg5 d5 18. h4 Kg7 19. h5 Kf6 20. f4 Rh8 21. h6 Bd7 22. c4 Be6 23. c5 Rh7 24. Rg2 Rah8 25. Rgh2 Bf5 26. Kd2 Rb8 27. Kc3 a5 28. a3 Ke6 29. Rg1 Kf6 30. Rg5 Bxd3 31. cxd3 Rbh8 32. Rb2 Ke7 33. Rb7 Kd7 34. Ra7 Rxh6 35. Rxa5 Rh3 36. Kd4 Re8 37. Re5 Reh8 38. f5 R8h4+ 39. Kc3 g5 40. Ra8 g4 41. f6 d4+ 42. exd4 Rh8 43. Re7# 1-0


[Site "https://www.chess.com"]

[Event "Titled Tuesday Blitz May 4 2021"]
[White "Vukovic, Zdravko"]
[Black "Li, Hui"]
[WhiteFideId "900877"]
[BlackFideId "15400310"]
[WhiteElo "2475"]
[BlackElo "1954"]
[Result "1-0"]
[Round "02"]
[TimeControl "180+1"]
[Date "2021.05.04"]
[WhiteClock "0:01:09"]
[BlackClock "0:00:01"]

1. e4 e5 2. d4 exd4 3. Nf3 Nf6 4. e5 Ne4 5. Qxd4 d5 6. exd6 Nxd6 7. Nc3 Nc6 8. Qd1 Be7 9. Bd3 Bf5 10. O-O Bxd3 11. Qxd3 O-O 12. Bf4 Nb4 13. Qe2 Re8 14. a3 Bf6 15. Qd2 Nc6 16. Nd5 Bxb2 17. Rab1 Bxa3 18. Qc3 Ne4 19. Qc4 Bd6 20. Rfd1 Bxf4 21. Nxf4 Nd6 22. Qa2 h6 23. Rxb7 Nxb7 24. Rxd8 Raxd8 25. h3 Nd6 26. Qa4 Ne5 27. Nxe5 Rxe5 28. Qxa7 Re1+ 29. Kh2 Re7 30. Nd5 Red7 31. Qa4 c5 32. Qc6 Nf5 33. c4 1-0


[Site "https://www.chess.com"]

[Event "Titled Tuesday Blitz May 4 2021"]
[White "Ward-Tsh"]
[Black "Moskalenko, Alexander"]
[BlackFideId "4155351"]
[WhiteElo "2511"]
[BlackElo "2495"]
[Result "0-1"]
[Round "02"]
[TimeControl "180+1"]
[Date "2021.05.04"]
[WhiteClock "0:00:01"]
[BlackClock "0:00:37"]

1. d4 Nf6 2. Nf3 g6 3. Nc3 d5 4. Bg5 Nbd7 5. e3 c6 6. Bd3 Qb6 7. Rb1 h6 8. Bf4 Bg7 9. O-O Nh5 10. Ne2 Nxf4 11. Nxf4 e5 12. dxe5 Nxe5 13. Nxe5 Bxe5 14. c4 dxc4 15. Bxc4 Bxf4 16. exf4 O-O 17. Qd6 Bf5 18. Rbe1 Qxb2 19. Re7 Kg7 20. Qc7 Qf6 21. Qxb7 Rad8 22. h3 h5 23. Rfe1 Rd4 24. Bxf7 Kh6 25. Bg8 Rxf4 26. Rh7+ Kg5 27. Bb3 Rxf2 28. h4+ Kxh4 29. Qb4+ Bg4 30. Qc4 Rxg2+ 31. Kh1 Qf2 32. Rxh5+ gxh5 0-1


[Site "https://www.chess.com"]

[Event "Titled Tuesday Blitz May 4 2021"]
[White "Williams, Simon K"]
[Black "Yoo, Christopher Woojin"]
[WhiteFideId "404454"]
[BlackFideId "30909694"]
[WhiteElo "2468"]
[BlackElo "2009"]
[Result "0-1"]
[Round "02"]
[TimeControl "180+1"]
[Date "2021.05.04"]
[WhiteClock "0:00:08"]
[BlackClock "0:01:13"]

1. d4 Nf6 2. Nf3 d5 3. e3 Bf5 4. c4 e6 5. Nc3 c6 6. Qb3 Qb6 7. c5 Qc7 8. Nh4 Bg6 9. Bd2 Nbd7 10. Nxg6 hxg6 11. h3 b6 12. cxb6 axb6 13. Rc1 Qb7 14. Be2 Bd6 15. O-O O-O 16. f4 c5 17. Nb5 Be7 18. a4 Ne4 19. Be1 Rfc8 20. Bf3 Ndf6 21. Bh4 Nd2 22. Qd1 Nxf1 23. Qxf1 Rxa4 24. Bxf6 gxf6 25. h4 cxd4 26. Nxd4 Rxc1 27. Qxc1 Bc5 28. h5 gxh5 29. Bxh5 Qa6 30. Kh2 Qd3 31. Qe1 Qh7 32. Qh4 Bxd4 33. exd4 Rxd4 34. Kg3 Qg7+ 35. Kh3 Rd2 36. Bf3 Rxb2 37. f5 Qg5 38. Qd4 Qxf5+ 39. Bg4 Qe5 40. Qd3 Rb4 41. Qa6 Qe3+ 42. Bf3 Qh6+ 0-1


[Site "https://www.chess.com"]

[Event "Titled Tuesday Blitz May 4 2021"]
[White "Yavorovsky, Valeriy"]
[Black "Garcia, Gabriel Gonzaga"]
[WhiteFideId "14121549"]
[BlackFideId "2138956"]
[WhiteElo "2267"]
[BlackElo "2240"]
[Result "0-1"]
[Round "02"]
[TimeControl "180+1"]
[Date "2021.05.04"]
[WhiteClock "0:00:10"]
[BlackClock "0:00:58"]

1. d4 Nf6 2. c4 e6 3. Nf3 Bb4+ 4. Nbd2 O-O 5. e3 d5 6. Bd3 dxc4 7. Bxc4 b6 8. O-O Bb7 9. a3 Bd6 10. b4 Nbd7 11. Bb2 Re8 12. Rc1 e5 13. dxe5 Nxe5 14. Nxe5 Bxe5 15. Bxe5 Rxe5 16. Nf3 Qxd1 17. Rfxd1 Bxf3 18. gxf3 Rg5+ 19. Kf1 c5 20. f4 Rh5 21. Be2 Rxh2 22. bxc5 bxc5 23. Rxc5 Rxf2+ 24. Kxf2 Ne4+ 25. Kf3 Nxc5 26. Rc1 Rc8 27. e4 g6 28. e5 Rc7 29. Bd3 Rd7 30. Bb5 Rc7 31. Ke3 h5 32. Bd3 Kg7 33. f5 g5 34. f6+ Kh6 35. Bf5 g4 36. Rc4 Kg5 37. Bc2 Ne6 38. Rxc7 Nxc7 39. Ke4 g3 40. Kf3 h4 41. Bh7 Ne6 42. Bd3 g2 0-1


[Site "https://www.chess.com"]

[Event "Titled Tuesday Blitz May 4 2021"]
[White "Yeremyan, Alen"]
[Black "Kanyamarala, Trisha"]
[WhiteFideId "13308998"]
[BlackFideId "45004722"]
[WhiteElo "2158"]
[BlackElo "2074"]
[Result "1-0"]
[Round "02"]
[TimeControl "180+1"]
[Date "2021.05.04"]
[WhiteClock "0:02:18"]
[BlackClock "0:00:02"]

1. d4 Nf6 2. Nf3 d5 3. e3 e6 4. Bd3 c5 5. O-O c4 6. Be2 Nc6 7. b3 cxb3 8. axb3 Bd6 9. c4 O-O 10. Nc3 b6 11. Bb2 Bb7 12. Rc1 Ne4 13. Nxe4 dxe4 14. Nd2 f5 15. f4 Na5 16. c5 bxc5 17. dxc5 Be7 18. b4 Nc6 19. Bc3 a6 20. Bc4 Qc8 21. Qb3 Nd8 22. Rfd1 Bc6 23. Ra1 Kh8 24. Be2 Bd5 25. Nc4 Qb7 26. Qb2 Bxc4 27. Bxg7+ Kg8 28. Bxf8 Kxf8 29. Qh8+ Kf7 30. Bh5# 1-0


[Site "https://www.chess.com"]

[Event "Titled Tuesday Blitz May 4 2021"]
[White "Yilmaz, Mustafa"]
[Black "Tutisani, Noe"]
[WhiteFideId "6302718"]
[BlackFideId "13602853"]
[WhiteElo "2518"]
[BlackElo "2227"]
[Result "1-0"]
[Round "02"]
[TimeControl "180+1"]
[Date "2021.05.04"]
[WhiteClock "0:01:05"]
[BlackClock "0:01:31"]

1. c4 Nf6 2. Nc3 c5 3. Nf3 b6 4. g3 Bb7 5. Bg2 g6 6. d4 cxd4 7. Qxd4 Bg7 8. O-O d6 9. Rd1 Nbd7 10. Qh4 h6 11. Be3 Rc8 12. Rac1 Kf8 13. g4 Rxc4 14. h3 h5 15. Nd2 hxg4 16. Qg3 gxh3 17. Nxc4 Bxg2 18. f3 Nh5 19. Qf2 Ne5 20. Ne4 Nxc4 21. Rxc4 Be5 22. Bd4 Bxd4 23. Qxd4 f6 24. Rdc1 Kg7 25. Rc7 Nf4 26. Qxf6+ 1-0


[Site "https://www.chess.com"]

[Event "Titled Tuesday Blitz May 4 2021"]
[White "Zaksaite, Salomeja"]
[Black "Minero Pineda, Sergio"]
[WhiteFideId "12801496"]
[BlackFideId "6500374"]
[WhiteElo "2002"]
[BlackElo "2384"]
[Result "0-1"]
[Round "02"]
[TimeControl "180+1"]
[Date "2021.05.04"]
[WhiteClock "0:01:33"]
[BlackClock "0:01:44"]

1. g3 Nf6 2. Bg2 e6 3. e4 d5 4. Ne2 Be7 5. e5 Nfd7 6. d4 c5 7. c3 Nc6 8. O-O O-O 9. f4 f5 10. Nd2 Qb6 11. Nf3 a5 12. Rb1 a4 13. Be3 Qc7 14. Qd2 b5 15. h3 Nb6 16. b3 axb3 17. axb3 Nd7 18. g4 cxd4 19. cxd4 Qa5 20. Rfc1 Qxd2 21. Bxd2 Bb7 22. gxf5 Rxf5 23. Ng3 Rff8 24. f5 exf5 25. e6 Nb6 26. Ne5 Nxe5 27. dxe5 Rac8 28. Be3 Na8 29. Rxc8 Bxc8 30. Bxd5 Nc7 31. Rd1 f4 0-1


[Site "https://www.chess.com"]

[Event "Titled Tuesday Blitz May 4 2021"]
[White "Zemach, Roee"]
[Black "Fernandez, Michael"]
[WhiteFideId "2818531"]
[BlackFideId "5803560"]
[WhiteElo "2131"]
[BlackElo "2110"]
[Result "1-0"]
[Round "02"]
[TimeControl "180+1"]
[Date "2021.05.04"]
[WhiteClock "0:00:07"]
[BlackClock "0:00:07"]

1. d4 b5 2. e4 Bb7 3. Bd3 e6 4. Nf3 c5 5. dxc5 Bxc5 6. O-O a6 7. a4 b4 8. Nbd2 Nc6 9. Nc4 Nge7 10. Bf4 d5 11. exd5 Nxd5 12. Bg3 O-O 13. Re1 Qf6 14. Bh4 Qf4 15. Re4 Qc7 16. Bg3 Qe7 17. Rh4 h6 18. Qe2 Rad8 19. Re1 Nf6 20. Nfe5 Nxe5 21. Bxe5 Nd7 22. Qg4 f5 23. Qg3 Qg5 24. Qxg5 hxg5 25. Rh5 Be7 26. Bc7 Rc8 27. Rxe6 Bf6 28. Bd6 Rfe8 29. Bxf5 Kf7 30. Rxe8 Rxe8 31. Kf1 Bd5 32. Bd3 Rc8 33. b3 Nc5 34. Bxc5 Rxc5 35. h4 gxh4 36. Rf5 Ke6 37. Rh5 Rc7 38. Ke2 Bc6 39. Bf5+ Kf7 40. Bd3 Re7+ 41. Kf1 Rd7 42. Ra5 Re7 43. Rxa6 Bd5 44. Ne3 Be4 45. Bxe4 Rxe4 46. Ke2 Bd4 47. Kd3 Rf4 48. Rd6 Bxe3 49. fxe3 Rf2 50. Rd4 g5 51. Rg4 Kg6 52. a5 Kf5 53. Rxb4 Rf1 54. a6 Rd1+ 55. Ke2 Rd8 56. a7 Ra8 57. Ra4 g4 58. b4 Ke5 59. c4 Kd6 60. b5 Kc5 61. e4 Kb6 62. e5 Kc5 63. e6 Kb6 64. e7 Kb7 65. Kd3 Re8 66. a8=Q+ 1-0


[Site "https://www.chess.com"]

[Event "Titled Tuesday Blitz May 4 2021"]
[White "Zeydan, Salih"]
[Black "Yang, Kaiqi"]
[WhiteFideId "6361722"]
[BlackFideId "8604398"]
[WhiteElo "1988"]
[BlackElo "2373"]
[Result "0-1"]
[Round "02"]
[TimeControl "180+1"]
[Date "2021.05.04"]
[WhiteClock "0:00:05"]
[BlackClock "0:00:15"]

1. e4 c5 2. Nf3 d6 3. Bb5+ Nd7 4. O-O a6 5. Bd3 Ngf6 6. Re1 g6 7. c3 Bg7 8. Bc2 O-O 9. d4 e5 10. h3 Qc7 11. Nbd2 b5 12. a4 Bb7 13. Bd3 cxd4 14. cxd4 exd4 15. axb5 axb5 16. Rxa8 Rxa8 17. Bxb5 Qb6 18. Bc4 Ne5 19. Bb3 Nd3 20. Nc4 Qb4 21. Qxd3 Bxe4 22. Rxe4 Nxe4 23. Qxe4 Ra1 24. Qc2 d3 25. Qd1 d5 26. Nce5 Bxe5 27. Nxe5 d2 28. Qf3 dxc1=Q+ 29. Kh2 Qbf4+ 0-1


[Site "https://www.chess.com"]

[Event "Titled Tuesday Blitz May 4 2021"]
[White "Zhou, Qiyu"]
[Black "Volkov, Maksim"]
[WhiteFideId "505161"]
[BlackFideId "54123070"]
[WhiteElo "1925"]
[BlackElo "2113"]
[Result "1-0"]
[Round "02"]
[TimeControl "180+1"]
[Date "2021.05.04"]
[WhiteClock "0:00:08"]
[BlackClock "0:00:20"]

1. e4 c5 2. Nf3 e6 3. d4 cxd4 4. Nxd4 a6 5. Nc3 Qc7 6. a3 Nf6 7. Be3 b5 8. Be2 Bb7 9. f3 d5 10. exd5 Nxd5 11. Nxd5 Bxd5 12. O-O Bd6 13. f4 Nd7 14. Qe1 Nf6 15. c3 O-O 16. Qh4 Be7 17. Qg3 Ne4 18. Qh3 f5 19. Rad1 Rad8 20. Kh1 Bf6 21. Bf3 Qf7 22. Ne2 Qb7 23. Ng3 g6 24. Nxe4 Bxe4 25. Bc5 Rfe8 26. Bxe4 Qxe4 27. Qg3 Qc2 28. Rxd8 Rxd8 29. Qe3 Kf7 30. Re1 Qb3 31. h3 Rd7 32. Kh2 h5 33. Re2 h4 34. Qf3 Rd5 35. Qe3 Rd7 36. Qf3 Qc4 37. Be3 a5 38. Rd2 Rxd2 39. Bxd2 Kg7 40. Qb7+ Kh6 41. Qb6 a4 42. Qf2 Qd3 43. Be3 Be7 44. Bd4 g5 45. fxg5+ Bxg5 46. Qe1 Bf4+ 47. Kh1 Kg5 48. Qxe6 Qb1+ 49. Bg1 Qxb2 50. Qg8+ Kf6 51. Qf8+ Kg5 52. Qg7+ Kh5 53. Qh7+ Kg5 54. Qg7+ Kh5 55. Qh7+ Bh6 56. Qxf5+ Bg5 57. Qh7+ Bh6 58. Be3 Qb1+ 59. Qxb1 Bxe3 60. Qxb5+ Bg5 61. Qxa4 Kg6 62. Qg4 Kf6 63. Kg1 Be3+ 64. Kf1 Bg5 65. Ke2 Kg6 66. Kf3 Kh6 67. Ke4 1-0


[Site "https://www.chess.com"]

[Event "Titled Tuesday Blitz May 4 2021"]
[White "Zhukov, Anton"]
[Black "Guimaraes, Diogo Duarte"]
[WhiteFideId "34187534"]
[BlackFideId "2112450"]
[WhiteElo "2172"]
[BlackElo "2263"]
[Result "1-0"]
[Round "02"]
[TimeControl "180+1"]
[Date "2021.05.04"]
[WhiteClock "0:01:18"]
[BlackClock "0:01:12"]

1. d4 f5 2. c4 Nf6 3. Nc3 e6 4. Nf3 Be7 5. g3 d5 6. Bg2 O-O 7. O-O c6 8. b3 b6 9. Bb2 Nbd7 10. Qc2 Ne4 11. e3 Ba6 12. Ne2 Rc8 13. Nf4 Rf6 14. Rfd1 g5 15. Nd3 Bd6 16. Nfe5 Rh6 17. Nxd7 Qxd7 18. f3 Nf6 19. Ne5 Qe8 20. e4 fxe4 21. fxe4 Bxe5 22. dxe5 Ng4 23. Qe2 Qh5 24. h3 dxc4 25. Qxg4 Qxg4 26. hxg4 Rg6 27. Rd7 Rg7 28. Rad1 cxb3 29. Rxg7+ Kxg7 30. Rd7+ Kg6 31. axb3 Be2 32. Rxa7 Bxg4 33. Bf1 Rd8 34. Bc3 Rd1 35. Kf2 Rc1 36. Bd2 Rb1 37. b4 Rb2 38. Ke3 Rb3+ 39. Bd3 Bh3 40. Kd4 c5+ 41. Kc4 Rb2 42. Kc3 Rxb4 43. Kc2 Bg2 44. Bxb4 1-0


[Site "https://www.chess.com"]